 Dungeon Crawl Stone Soup version 0.27-a0-277-g024f7ef292 (webtiles) character file.

Game seed: 9909056816232177026

10779 Borgoz the Basher (level 11, 0/71 HPs)
             Began as a Gargoyle Berserker on Feb 5, 2021.
             Was a High Priest of Trog.
             Killed by divine providence
             ... invoked by an orc priest
              (14 damage)
             ... on level 11 of the Dungeon.
             The game lasted 00:16:20 (13098 turns).

Borgoz the Basher (Gargoyle Berserker)             Turns: 13098, Time: 00:16:22

Health: 0/71       AC: 20    Str: 28    XL:     11   Next: 67%
Magic:  11/11      EV: 18    Int:  7    God:    Trog [*****.]
Gold:   279        SH:  0    Dex: 19    Spells: 10/10 levels left

rFire    . . .     SeeInvis .   f - +0 flail
rCold    . . .     Faith    .   (no shield)
rNeg     + . .     Spirit   .   F - +1 ring mail "Mischeitu" {Rampage rElec Regen+ Dex-2}
rPois    ∞         Reflect  .   (no helmet)
rElec    +         Harm     .   (no cloak)
rCorr    .         Rampage  +   B - +2 pair of gloves {Dex+3}
Will     ++...                  r - +0 pair of boots
Stlth    +.........             (no amulet)
HPRegen  1.61/turn              y - +6 ring of strength
MPRegen  0.12/turn              E - +6 ring of dexterity

@: berserk cooldown, regenerating
A: negative energy resistance 1, electricity resistance, unbreathing,
petrification resistance, miasma immunity, AC +8
a: Renounce Religion, Berserk, Trog's Hand, Brothers in Arms


You were on level 11 of the Dungeon.
You worshipped Trog.
Trog was extremely pleased with you.
You visited 2 branches of the dungeon, and saw 12 of its levels.

You collected 498 gold pieces.
You spent 219 gold pieces at shops.

Inventory:

Hand Weapons
 f - a +0 flail (weapon)
Missiles
 h - a throwing net
Armour
 i - a +2 ring mail of cold resistance
 r - a +0 pair of boots (worn)
 B - a +2 pair of gloves of dexterity (worn)
 F - the +1 ring mail "Mischeitu" (worn) {Rampage rElec Regen+ Dex-2}
   (You found it on level 8 of the Dungeon)

   It affects your dexterity (-2).
   It insulates you from electricity.
   It increases your rate of regeneration.
   It bestows one free step when moving towards enemies.
Jewellery
 c - an uncursed ring of protection from cold
 j - an uncursed ring of resist corrosion
 y - a +6 ring of strength (left hand)
 E - a +6 ring of dexterity (right hand)
 G - an uncursed ring of positive energy
Wands
 b - a wand of iceblast (7)
 C - a wand of acid (8)
Scrolls
 a - 3 scrolls of enchant weapon {unknown}
 g - 6 scrolls of magic mapping
 k - 3 scrolls of fog {unknown}
 l - 3 scrolls of fear {unknown}
 o - 4 scrolls of random uselessness {unknown}
 p - 2 scrolls of blinking
 q - 4 scrolls of remove curse
 s - 6 scrolls of teleportation
 D - a scroll of enchant armour {unknown}
 H - a scroll of silence {unknown}
Potions
 d - 2 potions of heal wounds
 e - 3 potions of mutation
 m - 3 potions of haste
 n - a potion of brilliance {unknown}
 t - 3 potions of magic
 u - 5 potions of degeneration {unknown}
 x - 2 potions of curing
 z - 2 potions of might
 A - 4 potions of flight {unknown}


   Skills:
 + Level 9.4 Fighting
 * Level 10.5 Maces & Flails
 + Level 9.1 Armour
 * Level 8.6 Dodging


You had 10 spell levels left.
You didn't know any spells.
Your spell library was empty.

Dungeon Overview and Level Annotations

Branches:
Dungeon (11/15)            Temple (1/1) D:6            Lair (0/6) D:10
    Orc: D:9-12

Altars:
Ashenzari
Cheibriados
Dithmenos
Elyvilon
Fedhas
Gozag
Hepliaklqana
Kikubaaqudgha
Makhleb
Nemelex Xobeh
Okawaru
Qazlal
Ru
Sif Muna
Trog
Uskayaw
Vehumet
Wu Jian
Xom
Yredelemnul
Zin
The Shining One

Shops:
D:5 (   D:11 ?


Innate Abilities, Weirdness & Mutations

You are resistant to torment.
Your stone body is resilient. (AC +8)
You are immune to poison.
You resist negative energy. (rN+)
You are resistant to electric shocks. (rElec)
You can survive without breathing.
You are immune to petrification.
You are immune to miasma.


Message History

The orc warrior closely misses you.
The orc priest casts a cantrip, but nothing happens.
You barely miss the orc warrior.
The orc warrior is lightly wounded.
The orc warrior hits you with a +0 battleaxe!
You thump the orc warrior!
The orc warrior is heavily wounded.
The orc warrior misses you.
You hit the orc warrior but do no damage.
The orc warrior is heavily wounded.
You feel yourself speed up.
The orc warrior hits you with a +0 battleaxe!
You hit the orc warrior but do no damage.
The orc warrior is heavily wounded.
The orc priest calls down the wrath of Beogh upon you.
Beogh smites you!
* * * LOW HITPOINT WARNING * * *
The orc priest mumbles some strange prayers to Beogh against you.
Beogh smites you!
You die...

.# #..# #.........###
## ##### ########'##
##.# #.# .#...## #.#
#### ......o #.###.#.
..o.. ###.#<'.#. o..
########.....#...
#o###.........####.##
#ooo@)#######.# #.#.
### ### ####### ##.#
#.#. #.# #.# #..#
#.#. #.#####.###
##.## ####
#.........# #..#
#####.####### #.##
..# #...### #.# ..#
###...# #.# ..#
###.#### ####.#


You could see an orc warrior, 2 orc priests and an orc wizard.

Vanquished Creatures
  A boulder beetle (D:9)
  A two-headed ogre (D:11)
  3 unseen horrors
  Pikel (D:3)
  2 ugly things (D:11)
  A cyclops (D:11)
  A komodo dragon (D:10)
  A troll (D:9)
  Prince Ribbit (D:7)
  Grinder (D:5)
  4 yaks (D:11)
  A wyvern (D:9)
  A wraith (D:11)
  Sigmund (D:4)
  2 water moccasins
  7 orc warriors
  2 sky beasts
  2 black bears
  An ice beast (D:7)
  A centaur (D:7)
  2 ogres
  A phantom (D:6)
  3 lemures (D:4)
  A big kobold (D:10)
  3 bullfrogs
  6 scorpions
  4 killer bees (D:9)
  9 wights
  A howler monkey (D:4)
  A quasit (D:11)
  5 orc priests
  2 bullfrog zombies
  4 hounds
  A gnoll shaman (D:7)
  A bullfrog skeleton (D:6)
  2 centaur skeletons
  Ijyb (D:4)
  Terence (D:2)
  2 iguanas
  10 orc wizards
  6 worker ants
  A statue (D:9)
  3 hound skeletons
  A hound zombie (D:7)
  A worker ant zombie (D:8)
  A howler monkey zombie (D:5)
  Robin (D:4)
  7 gnolls
  A howler monkey skeleton (D:10)
  20 adders
  2 shadow imps
  2 white imps
  4 ufetubi
  2 adder zombies (D:9)
  An adder skeleton (D:5)
  2 worms
  A dart slug (D:4)
  5 leopard geckos
  43 orcs
  2 ball pythons
  5 giant cockroaches
  25 goblins
  8 hobgoblins
  9 jackals
  4 quokkas
  8 bats
  10 frilled lizards
  A jackal skeleton (D:7)
  A jackal zombie (D:8)
  17 kobolds
  A quokka skeleton (D:4)
  6 rats
296 creatures vanquished.

Vanquished Creatures (others)
  A bullfrog (D:6)
  A bullfrog skeleton (D:6)
  A quokka skeleton (D:6)
  5 plants (D:10)
8 creatures vanquished.

Grand Total: 304 creatures vanquished

Notes
Turn   | Place    | Note
-------+----------+-------------------------------------------
     0 | D:1      | Borgoz the Gargoyle Berserker began the quest for the Orb.
     0 | D:1      | Reached XP level 1. HP: 14/14 MP: 1/1
   416 | D:1      | Reached XP level 2. HP: 19/19 MP: 2/2
   968 | D:1      | Reached XP level 3. HP: 23/23 MP: 3/3
  1710 | D:2      | Noticed Terence
  1719 | D:2      | Killed Terence
  1720 | D:2      | Reached XP level 4. HP: 20/29 MP: 4/4
  1993 | D:2      | Found a sacrificial altar of Ru.
  2065 | D:2      | Reached ** piety under Trog
  2675 | D:3      | Reached XP level 5. HP: 29/33 MP: 5/5
  2875 | D:3      | Found a bloodstained altar of Trog.
  3022 | D:3      | Found a glowing silver altar of Zin.
  3026 | D:3      | Found an opulent altar of Gozag.
  3816 | D:4      | Noticed a lemure
  3834 | D:4      | Noticed a lemure
  3843 | D:4      | Killed a lemure
  3844 | D:4      | Noticed a lemure
  3844 | D:4      | Noticed a lemure
  3845 | D:4      | Noticed Pikel
  3893 | D:3      | Killed Pikel
  3894 | D:3      | Reached skill level 5 in Fighting
  3894 | D:3      | Reached skill level 4 in Maces & Flails
  3894 | D:3      | Reached XP level 6. HP: 5/40 MP: 6/6
  3894 | D:3      | Reached XP level 7. HP: 5/44 MP: 7/7
  4392 | D:4      | Noticed Robin
  4403 | D:4      | Killed Robin
  4617 | D:4      | Noticed Ijyb
  4646 | D:4      | Killed Ijyb
  4751 | D:4      | Noticed Sigmund
  4753 | D:4      | Reached skill level 5 in Maces & Flails
  4756 | D:4      | Reached skill level 5 in Armour
  4768 | D:5      | Entered Level 5 of the Dungeon
  4953 | D:5      | Reached XP level 8. HP: 51/51 MP: 8/8
  4957 | D:5      | Reached *** piety under Trog
  5141 | D:4      | Killed Sigmund
  5440 | D:5      | Noticed Grinder
  5455 | D:5      | Killed Grinder
  5657 | D:5      | Reached skill level 6 in Maces & Flails
  5787 | D:5      | Found Yredgh's Weapon Boutique.
  5797 | D:5      | Reached skill level 5 in Dodging
  5797 | D:5      | Reached XP level 9. HP: 56/56 MP: 9/9
  6017 | D:5      | Found a stormy altar of Qazlal.
  6066 | D:6      | Found a staircase to the Ecumenical Temple.
  6135 | Temple   | Entered the Ecumenical Temple
  7070 | D:6      | Found an ornate altar of the Wu Jian Council.
  7071 | D:6      | Found a white marble altar of Elyvilon.
  7127 | D:6      | Found an iron altar of Okawaru.
  7144 | D:6      | Reached **** piety under Trog
  7212 | D:6      | Found a sparkling altar of Nemelex Xobeh.
  7244 | D:6      | Reached skill level 7 in Maces & Flails
  7453 | D:6      | Found a shadowy altar of Dithmenos.
  8098 | D:7      | Noticed Prince Ribbit
  8618 | D:7      | Killed Prince Ribbit
  8914 | D:7      | Reached XP level 10. HP: 64/64 MP: 10/10
  9192 | D:8      | Reached skill level 8 in Maces & Flails
  9574 | D:8      | Got an ichor-stained ring mail
  9590 | D:8      | Identified the +1 ring mail "Mischeitu" {Rampage rElec
                  | Regen+ Dex-2} (You found it on level 8 of the Dungeon)
 10354 | D:9      | Found an ancient bone altar of Kikubaaqudgha.
 10400 | D:9      | Reached ***** piety under Trog
 10433 | D:9      | Found a burning altar of Makhleb.
 10505 | D:9      | Found a hide-covered altar of Uskayaw.
 10552 | D:9      | Found a radiant altar of Vehumet.
 11099 | D:9      | Noticed a boulder beetle
 11127 | D:9      | Killed a boulder beetle
 11209 | D:10     | Entered Level 10 of the Dungeon
 11243 | D:10     | Found a staircase to the Lair.
 11267 | D:10     | Reached skill level 9 in Maces & Flails
 11421 | D:10     | Killed an unseen horror
 11474 | D:10     | Found an opulent altar of Gozag.
 12139 | D:11     | Noticed a two-headed ogre
 12145 | D:11     | Killed a two-headed ogre
 12146 | D:11     | Reached XP level 11. HP: 39/69 MP: 11/11
 12274 | D:11     | Noticed a purple ugly thing
 12275 | D:11     | Found Ilahoy's Magic Scroll Shoppe.
 12298 | D:11     | Killed a purple ugly thing
 12308 | D:11     | Bought a scroll of identify for 22 gold pieces
 12308 | D:11     | Bought a scroll of identify for 22 gold pieces
 12308 | D:11     | Bought a scroll of identify for 22 gold pieces
 12311 | D:11     | Bought a scroll of blinking for 82 gold pieces
 12311 | D:11     | Bought a scroll of teleportation for 33 gold pieces
 12311 | D:11     | Bought a scroll of magic mapping for 38 gold pieces
 12377 | D:11     | Killed an unseen horror
 12462 | D:11     | Reached skill level 10 in Maces & Flails
 12723 | D:11     | Noticed a red ugly thing
 12727 | D:11     | Noticed a cyclops
 12737 | D:11     | Killed a red ugly thing
 12740 | D:11     | Killed a cyclops
 13086 | D:11     | Killed an unseen horror
 13098 | D:11     | Killed from afar by an orc priest

Illustrated notes

Levels and vault maps discovered:
D:1:      shiori_arrival_maze, layout_basic
D:2:      minmay_alternating_diamond, layout_basic, nicolae_ru_path_of_blood,
          uniq_terence
D:3:      layout_basic, grunt_temple_overflow_gold_and_silver,
          lightli_temple_of_fire
D:4:      layout_cave_pools, uniq_robin, uniq_ijyb, uniq_sigmund, uniq_pikel
D:5:      layout_cave_pools, general_overflow_altar, serial_shops,
          nicolae_shop_crystal, uniq_grinder
D:6:      layout_basic, okawaru_altar_gauntlet_db, grunt_dithmenos_shadows,
          nemelex_xobeh_ov_fountains_minmay, minitemple,
          minmay_temple_entry_offerings, lemuel_old_faithful
D:7:      layout_loops_corners, chequers_serial_rivers_small_b,
          uniq_prince_ribbit1
D:8:      layout_layer_cave, mrwooster_statue_mirror, minivault_19,
          grunt_decor_one_mirror
D:9:      layout_roguey, old_standard_altar, vehumet_statue,
          eat_drink_and_be_merry_uskayaw, basic_altar, nrook_campfire,
          chequers_serial_rivers_room_a, nzn_sisyphean_effort
D:10:     layout_roguey, david_lair_shrubbed, basic_altar
D:11:     layout_roguey, david_orc_4, serial_shops, shop
Temple:   kb_temple_of_zot

Skill      XL: |  1  2  3  4  5  6  7  8  9 10 11 |
---------------+----------------------------------+-----
Dodging        | 2 3 5 6 7 8 |  8.6
Armour         | 3 4 5 6 7 8 9 |  9.1
Fighting       | 4 5 6 7 8 9 |  9.4
Maces & Flails | 4 5 6 7 9 10 | 10.5

Action                   |  1- 3 |  4- 6 |  7- 9 | 10-12 || total
-------------------------+-------+-------+-------+-------++-------
Melee: Mace              |    33 |       |       |       ||    33
       Flail             |    89 |   220 |   515 |   493 ||  1317
       Unarmed           |       |       |    16 |       ||    16
Invok: Berserk           |     1 |     2 |    12 |     9 ||    24
       Trog's Hand       |       |     3 |     1 |     5 ||     9
Evoke: Wand              |       |       |     2 |     1 ||     3
  Use: Scroll            |       |       |     1 |     9 ||    10
       Potion            |       |       |       |     1 ||     1
 Stab: Sleeping          |     2 |       |       |       ||     2
Armor: Animal skin       |    43 |   109 |    45 |       ||   197
       Steam dragon scal |       |       |   234 |    14 ||   248
       Skin              |       |       |     6 |       ||     6
       Ring mail         |       |       |       |   218 ||   218
Dodge: Dodged            |    89 |   229 |   516 |   371 ||  1205

Table legend: (Time is in decaauts)
 A = Elapsed time spent in this place.
 B = Non-inter-level travel time spent in this place.
 C = Inter-level travel time spent in this place.
 D = Time resting spent in this place.
 E = Time spent auto-exploring this place.
 F = Levels seen in this place.
 G = Mean time per level.
                   A        B        C        D        E       F      G
               +--------+--------+--------+--------+--------+-----+--------+
         Total |  13385 |  13138 |    247 |   2490 |   8127 |  12 | 1115.4 |
       Dungeon |  13255 |  13024 |    231 |   2490 |   8014 |  11 | 1205.0 |
        Temple |    129 |    113 |     16 |      0 |    113 |   1 |  129.0 |
               +--------+--------+--------+--------+--------+-----+--------+

Top non-repeatable levels by time:
     D:3: 1780 daAuts
     D:1: 1610 daAuts
     D:7: 1547 daAuts
     D:6: 1543 daAuts
     D:8: 1121 daAuts
     D:5: 1033 daAuts
    D:11: 1021 daAuts
     D:4: 978 daAuts
     D:9: 919 daAuts
    D:10: 899 daAuts
     D:2: 799 daAuts
  Temple: 129 daAuts
